[Event "Late-Titled-Tuesday-Blitz-March-26-2024"]
[Site "Chess.com"]
[Date "2024.03.26"]
[Round "4"]
[White "Abhishek2"]
[Black "Orest_Vovk"]
[Result "0-1"]
[WhiteElo "2391"]
[BlackElo "2598"]
[TimeControl "180+1"]
[EndTime "14:41:55 PDT"]
[Termination "Orest_Vovk won by resignation"]

1. d4 Nc6 2. d5 Ne5 3. e4 Ng6 4.
f4 e5 5. f5 Qh4+ 6. Kd2 Nf6 7.
Nc3 Bb4 8. g3 Qxe4 9. Qf3 Ne7 10. Kd1 Qxf3+ 11. Nxf3 Bxc3 12. bxc3 d6 13. Bb5+ Bd7 14.
Bxd7+ Kxd7 15. c4 Nxf5 16. Rf1 Ne7 17. Bg5 Ne4 18. Bxe7 Kxe7 19. Ke2 f6 20. Nh4 g6 21. Rf3 Raf8 22. Rb3 Nc5 23. Ra3 a6 24. Rb1 b6 25.
Nf3 g5 26. h4 g4 27. Nd2 f5 28.
Rg1 h5 29. Re3 Kd7 30. a3 f4 31. Rc3 Rf7 32. Nf1 Ne4 33. Rd3 fxg3 34. Nxg3 Nxg3+ 35. Rgxg3 Rhf8 36. Kd1 Rf1+ 37. Kd2 R8f2+ 38. Kc3 Rf3 39.
Kb4 Rxg3 40. Rxg3 Rh1 41. Re3 Rxh4 42. Re2 g3 43. Rg2 Rg4 44. Rg1 b5 45. Rf1 Rxc4+ 46.
Kb3 Rf4 47. Rg1 h4 48. Rh1 Ke7 49. c3 Kf6 50. Rg1 Kg5 51. Re1 h3 52. Re3 Kg4 53.
Re2 h2 54. Re1 g2 55. Re2 Kg3 56. a4 bxa4+ 57. Ka3 h1=R 58. c4 g1=R 59. c5 Rf3+ 60. Kb4 Rb1+ 61. Ka5 Rb5+ 62. Kxa6 Rxc5 63. Re4 Rxd5 64.
Rxa4 Rb1 65. Rc4 c5 66. Re4 Rd4 67. Ka5 c4 68. Ka6 c3 69. Re2 Rd2 70. Re4 c2 71. Ra4 c1=R 72. Rg4+ Kxg4 0-1

[Event "Late-Titled-Tuesday-Blitz-March-26-2024"]
[Site "Chess.com"]
[Date "2024.03.26"]
[Round "4"]
[White "Xavier_mompel"]
[Black "Mikhal867"]
[Result "1-0"]
[WhiteElo "2349"]
[BlackElo "2466"]
[TimeControl "180+1"]
[EndTime "14:41:58 PDT"]
[Termination "Xavier_mompel won on time"]

1. e4 g6 2. d4 Bg7 3. Nc3 d6 4. Be3 a6 5. Nf3 Nd7 6. a4 b6 7. Be2 Bb7 8. Qd2 h6 9. O-O e6 10. Rfe1 Ne7 11. Rad1 g5 12. h4 g4 13. Nh2 h5 14. Nf1 Ng6 15. Bg5 f6 16. Be3 Nxh4 17. d5 e5 18. Ng3 Qe7 19. b4 Nf8 20. a5 b5 21. Nb1 Nfg6 22. c4 bxc4 23. Bxc4 Nf4 24.
Bxf4 exf4 25. Nf5 Qe5 26. Nxh4 Bh6 27. Ng6 Qg5 28. Nxh8 Ke7 29. b5 Rxh8 30. bxa6 Ba8 31. Bf1 Qh4 32. g3 fxg3 33. fxg3 Bxd2 34. gxh4 Bxa5 35.
Re2 c6 36. Rc2 cxd5 37. exd5 f5 38. Bb5 f4 39. Re2+ Kf7 40. Bc6 f3 41. Re4 Rb8 42. Bxa8 Rxa8 43. Nd2 Rxa6 44. Nxf3 Bb6+ 45. Nd4 Ra4 46. Kg2 Ra2+ 47. Re2 Ra4 48. Nf5 Kf6 49. Nxd6 g3 50. Ne4+ Kf5 51. Nxg3+ Kg4 52. Re4+ Rxe4 53. Nxe4 Kxh4 54. d6 Kg4 55. d7 Bd8 56. Nc5 Kf5 57.
Nb7 Bf6 58. d8=Q Bxd8 59. Nxd8 Kg4 60. Ne6 1-0

[Event "Late-Titled-Tuesday-Blitz-March-26-2024"]
[Site "Chess.com"]
[Date "2024.03.26"]
[Round "4"]
[White "jstopa4"]
[Black "N_Mullodzhanov"]
[Result "1-0"]
[WhiteElo "2744"]
[BlackElo "2548"]
[TimeControl "180+1"]
[EndTime "14:42:00 PDT"]
[Termination "jstopa4 won by checkmate"]

1. e4 c6 2. Nc3 d5 3. Nf3 Bg4 4. h3 Bxf3 5. Qxf3 e6 6. Be2 Nd7 7.
O-O Bc5 8. d3 Ngf6 9. Qg3 O-O 10.
Bh6 Ne8 11. Rad1 d4 12. Nb1 Bd6 13. Bf4 Bxf4 14. Qxf4 Qb6 15. Qc1 f5 16. exf5 exf5 17. Nd2 Ne5 18. Rfe1 Qa5 19. a3 Nf6 20. Nb3 Qb6 21.
Qf4 Ng6 22. Qxd4 Qc7 23. Bf1 b6 24. Qc4+ Kh8 25. Nd4 Qd7 26. Ne6 Rfe8 27. Ng5 h6 28.
Nf3 c5 29. g3 Kh7 30. Bg2 Rad8 31. a4 Nd5 32. Rxe8 Rxe8 33. Ng5+ hxg5 34. Qxd5 Qxd5 35.
Bxd5 Re2 36. Rc1 g4 37. hxg4 fxg4 38. Be4 Kh6 39. Kf1 Rxe4 40. dxe4 Ne5 41. Rd1 Nf3 42. Rd7 a5 43. Rd6+ Kg5 44. c3 g6 45. Ke2 Ne5 46.
Rxb6 Nc4 47. Rb5 Kf6 48. b3 Nd6 49. Rb6 Ke5 50. Rxd6 Kxd6 51. Kd3 g5 52. Kc4 Ke5 53. Kxc5 Kxe4 54. b4 Kf3 55. bxa5 Kxf2 56. a6 Kxg3 57. a7 Kh3 58. a8=Q g3 59. Qh1+ Kg4 60. Qg2 Kh4 61. a5 Kg4 62. a6 Kf4 63. a7 Ke3 64. a8=Q Kd3 65. Qae4+ Kxc3 66. Qgc2# 1-0

[Event "Late-Titled-Tuesday-Blitz-March-26-2024"]
[Site "Chess.com"]
[Date "2024.03.26"]
[Round "4"]
[White "newyorkmouse"]
[Black "WindWhistler11"]
[Result "0-1"]
[WhiteElo "2685"]
[BlackElo "2456"]
[TimeControl "180+1"]
[EndTime "14:42:00 PDT"]
[Termination "WindWhistler11 won by checkmate"]

1. b3 Nf6 2. Bb2 e6 3. e3 d5 4. f4 g6 5. Nf3 Bg7 6. Be2 c5 7. O-O Nc6 8. h3 b6 9. d3 Bb7 10. Nbd2 Ne7 11. c4 Nf5 12. Kf2 d4 13. exd4 Nh5 14. g4 Nxf4 15. gxf5 Nxh3+ 16. Kg3 Ng5 17. fxe6 Nxe6 18. Rb1 Qc7+ 19. Kf2 cxd4 20. b4 O-O-O 21. c5 Bh6 22. Nc4 b5 23. Nd6+ Rxd6 24. cxd6 Qxd6 25. Rc1+ Kb8 26. Qb3 Re8 27. Rc2 Nf4 28.
Bc1 Nh3+ 29. Ke1 Qg3+ 30. Kd1 Nf2+ 31. Rxf2 Qxf2 32. Bxh6 Bxf3 33. Bf4+ Ka8 34. Kc1 Qe1+ 35. Kb2 Rxe2 36. Rxe2 Qxe2+ 37. Ka3 Qe7 38. Qc2 Kb7 39. Qf2 Bc6 40. Qxd4 a5 41. Bd6 axb4+ 42. Qxb4 Qe2 43. Qb3 Qe1 44. Qxf7+ Ka6 45. Bb4 Qc1+ 46. Kb3 Qb1+ 47. Ka3 Qc1+ 48. Kb3 Qd1+ 49. Kb2 Qxd3 50. Qe6 Qc4 51. Qe7 Qd4+ 52. Ka3 Qd3+ 53. Kb2 Qd4+ 54. Ka3 Qa7 55. Qd6 Kb6+ 56. Kb2 Qd7 57. Bc5+ Kb7 58. Qf8 Qd2+ 59. Kb3 Bd5+ 60. Ka3 Qc3# 0-1

[Event "Late-Titled-Tuesday-Blitz-March-26-2024"]
[Site "Chess.com"]
[Date "2024.03.26"]
[Round "4"]
[White "nj123456"]
[Black "lluiss"]
[Result "1-0"]
[WhiteElo "2468"]
[BlackElo "2227"]
[TimeControl "180+1"]
[EndTime "14:42:00 PDT"]
[Termination "nj123456 won by resignation"]

1. e4 c5 2. c3 d5 3. exd5 Qxd5 4. d4 Nf6 5. Nf3 Bg4 6. Be2 e6 7. O-O Nc6 8. Be3 cxd4 9. cxd4 Be7 10. Nc3 Qd6 11.
a3 O-O 12. h3 Bh5 13. Rc1 Rfd8 14. Qd2 Bxf3 15. Bxf3 Nxd4 16. Bxd4 Qxd4 17. Qxd4 Rxd4 18. Bxb7 Rb8 19. Nb5 Rd2 20. Ba6 Rxb2 21. Rc7 Bf8 22. a4 Nd5 23. Rxa7 Bc5 24. Rb7 Ra8 25. Nc7 Rxb7 26. Bxb7 Rxa4 27. Nxd5 exd5 28. Bxd5 Rd4 29.
Bf3 Rd2 30. g3 g6 31. Kg2 h5 32. h4 Kg7 33. Be4 Bd4 34. Kf3 f5 35. Bc6 Kf6 36. Bb5 g5 37. hxg5+ Kxg5 38. Be2 Rb2 39. Rh1 Rb3+ 40.
Kg2 Rb2 41. Rxh5+ Kf6 42. Rh6+ Kg5 43. Rd6 Rxe2 44. Rxd4 Rb2 45. Rd3 Ra2 46. Kf3 Rb2 47.
Ra3 Rc2 48. Ra8 Rc3+ 49. Kg2 Rc2 50. Rg8+ Kf6 51. Kg1 Rd2 52. Re8 Rc2 53. Kf1 Rb2 54. Kg2 Rc2 55. Kf3 Rc3+ 56. Re3 Rc4 57. Rb3 Kg5 58. Kg2 Rd4 59. Kh3 Rc4 60. f4+ Kg6 61.
Kh4 Rc1 62. Rb6+ Kf7 63. Kg5 Rg1 64. Rb3 Ke6 65. Re3+ Kf7 66. Kxf5 Rg2 67. g4 Rg1 68. g5 Rg2 69. Ra3 1-0

[Event "Late-Titled-Tuesday-Blitz-March-26-2024"]
[Site "Chess.com"]
[Date "2024.03.26"]
[Round "4"]
[White "ozates"]
[Black "MaiqMaster"]
[Result "1-0"]
[WhiteElo "2578"]
[BlackElo "2381"]
[TimeControl "180+1"]
[EndTime "14:42:03 PDT"]
[Termination "ozates won on time"]

1. e4 e5 2. Nf3 Nc6 3. Bc4 Nf6 4. d3 Bc5 5. O-O d6 6. a4 a5 7. Nbd2 h6 8. c3 Ba7 9. Re1 O-O 10. h3 Re8 11.
Nf1 Be6 12. Bxe6 Rxe6 13. Ng3 d5 14. Qb3 dxe4 15. dxe4 Bb6 16. Be3 Ne7 17. Rad1 Qe8 18. Nh4 Bxe3 19. Rxe3 Rb6 20. Qc2 Rd8 21. Rxd8 Qxd8 22.
Ngf5 Nxf5 23. Nxf5 Kh7 24. Rd3 Qe8 25. Qd1 g6 26.
Rd8 Qe6 27. Ne3 Nxe4 28. Rb8 Rd6 29. Qf3 Nc5 30. b4 axb4 31. cxb4 e4 32. Qg3 Nxa4 33. Rxb7 Nc3 34. Kh2 Qe7 35. Ng4 h5 36. Qxc3 hxg4 37. Rxc7 Rd7 38. Rxd7 Qxd7 39. hxg4 Qd6+ 40. g3 Qb6 41.
Qc5 Qf6 42. Qe3 Qb2 43. Qc5 e3 44. Qxe3 Qxb4 45. Qf4 Qe7 46. g5 Qe6 47. Qh4+ Kg7 48. Qd4+ Kh7 49. g4 Qe2 50. Kg3 Qe1 51. Qf6 Qg1+ 52.
Kf3 Qh1+ 53. Ke3 Qe1+ 54. Kd4 Qa1+ 55. Kd5 Qa5+ 56. Kd6 Qb6+ 57. Ke7 Qc7+ 58. Kf8 Qc8+ 59. Kxf7 Qd7+ 60. Qe7 1-0

[Event "Late-Titled-Tuesday-Blitz-March-26-2024"]
[Site "Chess.com"]
[Date "2024.03.26"]
[Round "4"]
[White "ccccvhhhj"]
[Black "sacrifoice"]
[Result "0-1"]
[WhiteElo "2445"]
[BlackElo "2240"]
[TimeControl "180+1"]
[EndTime "14:42:04 PDT"]
[Termination "sacrifoice won by resignation"]

1. e4 c5 2. Nf3 d6 3. d4 cxd4 4. Nxd4 Nf6 5. Nc3 g6 6. Be3 Bg7 7. f3 O-O 8. Qd2 Nc6 9. g4 Nxd4 10. Bxd4 Be6 11. h4 Qa5 12. h5 Rfc8 13. hxg6 hxg6 14. g5 Nh5 15. Bxg7 Kxg7 16. Bh3 Qe5 17. O-O-O Bxh3 18. Rxh3 Qf4 19. Nd5 Qxd2+ 20. Rxd2 e6 21. Ne3 Rc6 22.
Rh1 Kf8 23. b3 Ke7 24. Kb2 Rc5 25. Rhd1 Rd8 26. Nc4 Rxg5 27. Nxd6 Rb8 28. Nc4 Nf6 29.
Ne3 Rg3 30. e5 Nd5 31. Nxd5+ exd5 32. Rxd5 Rxf3 33. a4 Rf2 34. b4 Rc8 35. R1d2 Rxd2 36. Rxd2 Rc4 37. Kb3 Re4 38. Rd5 g5 39. b5 g4 40. c4 g3 41. Rd3 g2 42. Rg3 Re3+ 43. Rxe3 g1=Q 44. Rc3 Qb1+ 45. Ka3 b6 46. c5 bxc5 47.
Rxc5 Qd3+ 48. Kb4 Qd4+ 49. Rc4 Qxe5 50. a5 Qd6+ 51. Ka4 f5 52. Rb4 Qd1+ 53. Ka3 Qc1+ 54. Ka4 Qc2+ 55. Rb3 f4 56. b6 axb6 57. axb6 Qc6+ 58.
Ka5 Qb7 59. Rc3 f3 60. Rc2 Ke6 61. Kb5 Qd5+ 62. Rc5 Qb3+ 63. Ka6 f2 64. Rb5 Qa3+ 65.
Ra5 f1=Q+ 0-1

[Event "Late-Titled-Tuesday-Blitz-March-26-2024"]
[Site "Chess.com"]
[Date "2024.03.26"]
[Round "4"]
[White "tarno17"]
[Black "sorch29"]
[Result "0-1"]
[WhiteElo "2204"]
[BlackElo "2452"]
[TimeControl "180+1"]
[EndTime "14:42:05 PDT"]
[Termination "sorch29 won by checkmate"]

1. e4 c5 2. Nf3 Nc6 3. Bb5 d6 4. O-O Bd7 5. d3 a6 6. Ba4 Nf6 7. c3 b5 8. Bc2 Bg4 9. h3 Bxf3 10. Qxf3 e6 11. Nd2 Be7 12. Re1 O-O 13. Nf1 d5 14. Ng3 Rc8 15. Be3 d4 16. Bd2 Bd6 17. Bg5 Be5 18.
Nh5 h6 19. Bh4 g5 20. Bg3 Nxh5 21. Qxh5 Bxg3 22. fxg3 Qf6 23. Rf1 Qg7 24. Rf2 f6 25.
Raf1 Rce8 26. Qf3 Qc7 27. Qh5 Kg7 28. h4 Ne5 29. hxg5 hxg5 30. Qe2 Qe7 31. g4 Rf7 32. g3 Rh8 33. Kg2 Qe8 34. Rh1 Rxh1 35. Kxh1 Kg6 36.
Rh2 Rh7 37. cxd4 cxd4 38. Bb3 Rxh2+ 39. Qxh2 Qc8 40. Qh5+ Kg7 41. Qh2 Qc1+ 42. Kg2 Qxb2+ 43. Kg1 Qxh2+ 44. Kxh2 a5 45. Bxe6 Nxd3 46. Bd7 b4 47. Bb5 Nc5 48. e5 fxe5 49. Kg2 e4 50. Kf2 Kf6 51. Ke2 Ke5 52. Kd2 e3+ 53. Ke2 Ke4 54.
Bc6+ Ke5 55. Bb5 a4 56. Bc4 b3 57. axb3 axb3 58. Kd1 d3 59. Bb5 e2+ 60. Ke1 b2 61.
Bxd3 Nxd3+ 62. Kxe2 Nb4 63. Kd2 b1=Q 64. Ke2 Qd3+ 65.
Kf2 Ke4 66. Kg2 Qf3+ 67. Kh2 Qe2+ 68. Kh1 Kf3 69. Kg1 Qg2# 0-1

[Event "Late-Titled-Tuesday-Blitz-March-26-2024"]
[Site "Chess.com"]
[Date "2024.03.26"]
[Round "4"]
[White "dawid498"]
[Black "wild3000"]
[Result "1-0"]
[WhiteElo "2691"]
[BlackElo "2419"]
[TimeControl "180+1"]
[EndTime "14:42:06 PDT"]
[Termination "dawid498 won by checkmate"]

1. d4 d5 2. Nf3 e6 3. Bf4 Nf6 4. e3 b6 5. Nbd2 Bb7 6. c3 Bd6 7. Bg3 O-O 8. Ne5 Nbd7 9. f4 Ne4 10. Nxe4 dxe4 11. Be2 f6 12. Nc4 f5 13. O-O Nf6 14.
Nxd6 cxd6 15. c4 Rc8 16. Qb3 Qe7 17. Rac1 Rc7 18. Qa3 Ba8 19. Bh4 Rfc8 20. Rc3 Qf8 21. Rfc1 h6 22. Bxf6 Qxf6 23. Qxd6 Qe7 24. Qxe7 Rxe7 25.
Kf2 Rec7 26. Ke1 Kf7 27. Kd2 g5 28. g3 Bc6 29. b4 Kf6 30. b5 Be8 31. c5 bxc5 32.
Rxc5 Rxc5 33. Rxc5 Rb8 34. Kc3 Rb7 35. a4 Ke7 36.
Kb4 Kd6 37. Bc4 gxf4 38. exf4 h5 39. Re5 Bd7 40. a5 Rb8 41. d5 exd5 42. Rxd5+ Ke7 43. Re5+ Kd6 44. Bf7 h4 45. gxh4 Rf8 46. Bc4 Rh8 47.
b6 axb6 48. axb6 Rxh4 49. b7 Kc7 50. Rd5 Bc6 51. Rxf5 Kxb7 52. Rf7+ Kb6 53. Rf6 Kc7 54. f5 e3 55. Kc5 Rh7 56. Rxc6+ Kd7 57. Rd6+ Kc7 58.
Re6 Rf7 59. Rc6+ Kd7 60. Bxf7 e2 61. Re6 e1=Q 62. Rxe1 Kd8 63. Kd6 Kc8 64. Bd5 Kb8 65. Kc6 Ka7 66. Ra1+ Kb8 67. Ra2 Kc8 68. Ra8# 1-0

[Event "Late-Titled-Tuesday-Blitz-March-26-2024"]
[Site "Chess.com"]
[Date "2024.03.26"]
[Round "4"]
[White "MusicCityMaster"]
[Black "TemploVillamarin"]
[Result "1/2-1/2"]
[WhiteElo "2445"]
[BlackElo "2224"]
[TimeControl "180+1"]
[EndTime "14:42:07 PDT"]
[Termination "Game drawn by repetition"]

1. e4 d5 2. exd5 Qxd5 3. Nc3 Qa5 4. d4 Nf6 5. Nf3 Nc6 6. Bb5 Nd5 7. Bxc6+ bxc6 8. Bd2 Nxc3 9. Bxc3 Qd5 10. O-O Bg4 11. Re1 Bxf3 12. Qxf3 Qxf3 13. gxf3 e6 14. Kg2 O-O-O 15.
b4 Rd5 16. Re4 Bd6 17. a3 Be7 18. Bd2 Rhd8 19. Be3 Bf6 20. c3 a5 21. Rb1 axb4 22.
Rxb4 Ra5 23. a4 Kd7 24. Bf4 Rda8 25. Rb7 R5a7 26. Rxa7 Rxa7 27. Be5 Bxe5 28. dxe5 Ra5 29. Rd4+ Ke7 30. Rc4 Kd7 31. f4 c5 32. Kf3 Kc6 33. Ke3 Kd5 34. Re4 f5 35. exf6 gxf6 36. f5 e5 37. Rh4 h5 38. Rxh5 Rxa4 39. Rh7 Re4+ 40. Kd3 c4+ 41. Kd2 Rf4 42. Ke3 Rxf5 43. h4 Rf4 44. h5 Rh4 45. h6 f5 46. Rh8 Rh3+ 47.
Ke2 Ke4 48. h7 Rh2 49. Kf1 Kf3 50. Kg1 Rh5 51. Rf8 Rxh7 52. Rxf5+ Ke4 53. Rf6 Kd3 54. Re6 e4 55. Kg2 Rg7+ 56. Kf1 Rg4 57. Rc6 Kxc3 58. Ke2 Kd4 59. Rxc7 Rg5 60. Rd7+ Rd5 61. Ra7 c3 62. Ra4+ Ke5 63. Rc4 Rd2+ 64. Ke1 Rd3 65. Ke2 Kf4 66. Rc8 Rd2+ 67. Ke1 Ra2 68. Rxc3 Ra1+ 69.
Ke2 Ra2+ 70. Ke1 Ra1+ 71. Ke2 Ra2+ 72. Kf1 Ra1+ 73. Kg2 Ra2 74. Rg3 Rb2 75. Rg8 e3 76. Rf8+ Kg4 77. Rg8+ Kf4 78. Rf8+ Kg4 79. Rg8+ Kf4 1/2-1/2

[Event "Late-Titled-Tuesday-Blitz-March-26-2024"]
[Site "Chess.com"]
[Date "2024.03.26"]
[Round "4"]
[White "YoreDea"]
[Black "dretch"]
[Result "1/2-1/2"]
[WhiteElo "2570"]
[BlackElo "2855"]
[TimeControl "180+1"]
[EndTime "14:42:09 PDT"]
[Termination "Game drawn by repetition"]

1. d4 d5 2. c4 c6 3. e3 Bf5 4. Bd3 Bxd3 5. Qxd3 e6 6. Nc3 Nf6 7. Nf3 Nbd7 8. O-O Bb4 9. Bd2 a5 10. a3 Be7 11. e4 Nc5 12. dxc5 dxe4 13. Qxd8+ Rxd8 14. Nxe4 Nxe4 15. Bxa5 Ra8 16. Bb6 Bxc5 17. Bxc5 Nxc5 18.
b4 Na4 19. Rfd1 Ke7 20. Kf1 Rhd8 21. c5 Nb2 22. Rdb1 Nc4 23. a4 Nd2+ 24. Nxd2 Rxd2 25.
b5 Rc2 26. bxc6 bxc6 27. Rb7+ Kf6 28. a5 Rxc5 29. a6 Rb5 30. Rc7 Rb6 31. a7 e5 32. Rc1 Ke6 33. R1xc6+ Rxc6 34. Rxc6+ Kd7 35. Ra6 Kc7 36. Ra5 f6 37. g4 Kb6 38. Rd5 Rxa7 39. g5 Kc6 40. Rd8 fxg5 41. Kg2 Rd7 42. Rg8 Kd6 43. Kg3 Ke6 44. f3 h6 45. Kg4 Kf7 46. Ra8 Rd4+ 47. Kg3 e4 48. fxe4 Rxe4 49. Ra3 Kf6 50. h3 Re5 51. Rf3+ Kg6 52. Ra3 Re6 53. Rb3 h5 54. Rc3 Kh6 55. Rd3 Re4 56.
Rd6+ g6 57. Rd7 g4 58. hxg4 Rxg4+ 59. Kh3 Ra4 60. Rd3 Ra6 61. Rc3 g5 62. Rd3 Kg6 63. Rb3 h4 64. Rb4 Kh5 65. Rb5 Ra3+ 66. Kh2 Kg4 67.
Rb4+ Kh5 68. Rb5 Rd3 69. Rc5 Ra3 70. Rb5 1/2-1/2

[Event "Late-Titled-Tuesday-Blitz-March-26-2024"]
[Site "Chess.com"]
[Date "2024.03.26"]
[Round "4"]
[White "subham777"]
[Black "CarlosjPineror"]
[Result "1-0"]
[WhiteElo "2553"]
[BlackElo "2715"]
[TimeControl "180+1"]
[EndTime "14:42:09 PDT"]
[Termination "subham777 won by checkmate"]

1. e4 c5 2. Nf3 e6 3. g3 Nc6 4. Bg2 Nf6 5. d3 d5 6. exd5 exd5 7. O-O h6 8. Re1+ Be7 9. d4 O-O 10. c3 Bf5 11. Bf4 Qb6 12. Qb3 Qxb3 13. axb3 Rfe8 14. Ne5 cxd4 15. Nxc6 bxc6 16. cxd4 Bb4 17. Nc3 Rxe1+ 18.
Rxe1 Bc2 19. Be5 Nd7 20. Ra1 Bxb3 21. Ra6 Nb6 22. Bf1 Bc4 23. Bxc4 Nxc4 24. Rxc6 Bxc3 25.
bxc3 a5 26. Bd6 a4 27. Bb4 a3 28. Bxa3 Nxa3 29. Rd6 Ra5 30. Rd8+ Kh7 31. Rd7 f6 32. Kg2 h5 33. h4 Kg6 34. Kh3 Nc4 35. f3 Nd2 36. Kg2 Nb1 37. Rc7 Ra3 38. c4 Rc3 39. c5 Rc4 40. Rd7 Rxd4 41. c6 Nc3 42.
c7 Rc4 43. f4 Ne4 44. Kf3 Rc3+ 45. Kg2 Rxg3+ 46. Kf1 Rc3 47. Ke2 Kf5 48. Rxd5+ Kxf4 49. Rd7 g5 50. hxg5 fxg5 51. Rh7 g4 52. Rf7+ Kg3 53. Re7 Nf2 54. Re3+ Rxe3+ 55. Kxe3 h4 56. c8=Q h3 57. Qc7+ Kg2 58. Qc2 g3 59. Qe2 h2 60. Qf3+ Kh3 61.
Qh5+ Kg2 62. Qf3+ Kg1 63. Qxg3+ Kh1 64. Qf3+ Kg1 65. Qxf2+ Kh1 66. Qf1# 1-0

[Event "Late-Titled-Tuesday-Blitz-March-26-2024"]
[Site "Chess.com"]
[Date "2024.03.26"]
[Round "4"]
[White "Mikhail_Bryakin"]
[Black "zverr1"]
[Result "1-0"]
[WhiteElo "2857"]
[BlackElo "2563"]
[TimeControl "180+1"]
[EndTime "14:42:10 PDT"]
[Termination "Mikhail_Bryakin won by checkmate"]

1. b3 e5 2. Bb2 Nc6 3. e3 d5 4.
Bb5 Ne7 5. Nf3 e4 6. Nd4 Bd7 7.
c4 Nxd4 8. Bxd7+ Qxd7 9. Bxd4 Nc6 10. Bb2 d4 11. exd4 Nxd4 12. O-O O-O-O 13. Nc3 f5 14. d3 exd3 15. Qxd3 c6 16. Rad1 Be7 17. Nd5 cxd5 18. Bxd4 dxc4 19. Qxc4+ Qc6 20. Qf7 Qe8 21. Qxf5+ Kb8 22.
Rfe1 Qf8 23. Qxf8 Bxf8 24. Bxa7+ Kc8 25. Rc1+ Kd7 26. Bb6 Rc8 27. Rxc8 Kxc8 28. Re8+ Kd7 29. Ra8 Kc6 30. Bd4 b6 31. Kf1 Kb7 32. Re8 Kc7 33.
Ke2 h5 34. Kd3 Kd7 35. Ra8 Kc6 36. a4 Kb7 37. Re8 Kc6 38. f4 Kd7 39. Ra8 Kc6 40.
f5 Kb7 41. Re8 Kc6 42. Kc4 Kd7 43. Ra8 Kc6 44. b4 Kb7 45. Re8 Kc6 46. b5+ Kb7 47.
Kd5 Kc7 48. Be5+ Kd7 49. Ra8 h4 50. a5 bxa5 51. b6 Rh6 52. b7 Bd6 53. Bxd6 Rxd6+ 54. Ke5 Rb6 55. b8=Q Rxb8 56. Rxb8 Kc6 57. Rg8 Kb5 58. Rxg7 a4 59. Ra7 Kb6 60. Rxa4 Kc5 61. Rxh4 Kb5 62.
Rd4 Kc5 63. f6 Kb5 64. f7 Kc5 65. Rd5+ Kc6 66. f8=Q Kb6 67. Qf6+ Kb7 68. Rd7+ Kb8 69. Re7 Ka8 70. h4 Kb8 71. h5 Ka8 72. h6 Kb8 73.
h7 Ka8 74. g3 Kb8 75. g4 Ka8 76. g5 Kb8 77. g6 Ka8 78. g7 Kb8 79. Qf8# 1-0

[Event "Late-Titled-Tuesday-Blitz-March-26-2024"]
[Site "Chess.com"]
[Date "2024.03.26"]
[Round "4"]
[White "maurovargas01"]
[Black "jinxy2009"]
[Result "0-1"]
[WhiteElo "1850"]
[BlackElo "2258"]
[TimeControl "180+1"]
[EndTime "14:42:10 PDT"]
[Termination "jinxy2009 won on time"]

1. b3 d5 2. Bb2 Nf6 3. Nf3 Bf5 4. e3 h6 5. Be2 e6 6. O-O Be7 7. d3 O-O 8. Nbd2 c5 9. h3 Nc6 10. Ne5 Nxe5 11. Bxe5 Nd7 12. Bb2 e5 13. Nf3 d4 14.
e4 Be6 15. Nh2 b5 16. Bc1 c4 17. f4 exf4 18. Bxf4 Nc5 19. bxc4 bxc4 20. Bf3 Bg5 21. Bxg5 Qxg5 22. Qe2 Rad8 23. Kh1 cxd3 24. cxd3 Qe3 25. Rad1 Qxe2 26. Bxe2 Bxa2 27. Ra1 Bb3 28. Rxa7 Bc2 29. Ra3 Ra8 30. Rfa1 Rxa3 31. Rxa3 Rb8 32. Nf3 Rb1+ 33. Kh2 Bd1 34. Nxd4 Bxe2 35. Nxe2 Rd1 36. d4 Nxe4 37. d5 Rxd5 38. Nf4 Rd1 39. Ra8+ Kh7 40. Ra7 Nd6 41. Rd7 g5 42. Nh5 Kg6 43. Ng3 Rd2 44. Rd8 Nc4 45. Ra8 Ne5 46. Ra6+ f6 47. Ne4 Re2 48. Nxf6 Nf3+ 49. Kg3 Nh4 50. Ng4+ Kg7 51. Rxh6 Re3+ 52. Kh2 Re2 53. Ne3 Rxe3 54. Ra6 Re2 55.
Ra7+ Kg6 56. Ra6+ Kh5 57. Kh1 Rxg2 0-1

[Event "Late-Titled-Tuesday-Blitz-March-26-2024"]
[Site "Chess.com"]
[Date "2024.03.26"]
[Round "4"]
[White "AlexPapasimakopoulos"]
[Black "Alex_Banzea"]
[Result "1-0"]
[WhiteElo "2743"]
[BlackElo "2544"]
[TimeControl "180+1"]
[EndTime "14:42:11 PDT"]
[Termination "AlexPapasimakopoulos won by checkmate"]

1. d4 d5 2. c4 Nc6 3. cxd5 Qxd5 4. Nf3 e5 5. Nc3 Bb4 6. Nxe5 Nxe5 7. dxe5 Bxc3+ 8.
bxc3 Qxe5 9. Qd4 Qxd4 10. cxd4 f5 11. Bf4 c6 12. Be5 Nf6 13. Bxf6 gxf6 14. Rb1 Kd8 15. e3 Kc7 16. g3 Be6 17. a3 Bd5 18. Rg1 Be4 19. Rc1 Kd6 20. Kd2 Rac8 21. Be2 c5 22.
dxc5+ Rxc5 23. Rxc5 Kxc5 24. Rc1+ Kd6 25. Bd3 Ke6 26. Ke2 Bxd3+ 27. Kxd3 Rd8+ 28. Ke2 Rd6 29. Rc7 Rd7 30. Rc4 b5 31. Rc6+ Rd6 32. Rc5 Rd5 33. Rc8 Rd6 34. Kf3 Rb6 35. Ra8 Ra6 36. Rb8 Ra5 37. Kf4 Ra4+ 38. Kf3 a6 39. Rb6+ Kf7 40. h3 Kg6 41. g4 Rxa3 42. h4 fxg4+ 43. Kxg4 h5+ 44.
Kf4 Ra4+ 45. e4 Ra2 46. f3 Ra4 47. Kg3 Ra3 48. Kf4 Ra4 49. Ke3 Ra3+ 50. Kf2 Kf7 51. f4 Ra4 52. Ke3 Ra3+ 53. Kd4 Rh3 54. Rb7+ Kg6 55.
f5+ Kh6 56. Rf7 Rxh4 57. Rxf6+ Kg7 58. Rxa6 b4 59. Rb6 Rh1 60. Rxb4 h4 61. Ke5 h3 62. Rb3 h2 63. Rh3 Kf7 64. f6 Kg6 65. Rh4 Kf7 66. Rh7+ Kf8 67. Ke6 Kg8 68. Rg7+ Kf8 69. Rh7 Kg8 70. Rh3 Re1 71. f7+ Kg7 72. Rg3+ Kh7 73.
f8=Q Rxe4+ 74. Kf5 h1=Q 75. Qg7# 1-0

[Event "Late-Titled-Tuesday-Blitz-March-26-2024"]
[Site "Chess.com"]
[Date "2024.03.26"]
[Round "4"]
[White "BallottiLuca"]
[Black "Nicolik"]
[Result "1-0"]
[WhiteElo "2355"]
[BlackElo "2502"]
[TimeControl "180+1"]
[EndTime "14:42:13 PDT"]
[Termination "BallottiLuca won by resignation"]

1. d4 d5 2. c4 e6 3. Nc3 Bb4 4. Nf3 Nf6 5. Bg5 h6 6. Bxf6 Qxf6 7. e3 O-O 8. Rc1 c6 9. Bd3 Nd7 10. O-O dxc4 11. Bxc4 Bxc3 12. Rxc3 e5 13. Bb3 exd4 14.
exd4 Nb6 15. Re1 Bg4 16. h3 Bh5 17. Re5 Bg6 18. Qe2 Rad8 19. Re7 Rd7 20. Rce3 Rfd8 21.
Rxd7 Rxd7 22. Re8+ Kh7 23. Ne5 Re7 24. Rxe7 Qxe7 25.
Qf3 Nd5 26. Bxd5 cxd5 27. Qxd5 Bb1 28. a3 f6 29. Qd7 Qf8 30. Nc4 Qb8 31. d5 Qf4 32.
Ne3 Qd4 33. Qxb7 Be4 34. Qb3 f5 35. Qc3 Qb6 36. Qd2 Qd6 37. Nc4 Qxd5 38. Qxd5 Bxd5 39. Nd6 f4 40. b4 g5 41. b5 h5 42. Nc8 Kg6 43.
Nxa7 g4 44. hxg4 hxg4 45. Nc6 Kf6 46. a4 Ke6 47. Nd4+ Kd6 48. g3 Kc5 49. Ne2 f3 50.
Nf4 Be4 51. Kf1 Kb4 52. b6 Kxa4 53. Ne6 Ka5 54. Ke1 Kxb6 55. Kd2 Kc6 56. Ke3 Bc2 57.
Nd4+ Kd5 58. Nxc2 Kc5 59. Ne1 Kc4 60. Nd3 Kc3 61. Ne5 Kc2 62. Nxg4 Kd1 63. Kxf3 Ke1 64.
Ke3 Kf1 65. f4 Kg1 66. f5 Kg2 67. f6 Kxg3 68. f7 Kxg4 69. f8=Q Kg5 70. Qf7 Kh6 71.
Qg8 Kh5 72. Qg7 Kh4 73. Qg6 Kh3 74. Qg5 Kh2 75. Qg4 Kh1 76. Kf2 1-0

[Event "Late-Titled-Tuesday-Blitz-March-26-2024"]
[Site "Chess.com"]
[Date "2024.03.26"]
[Round "4"]
[White "HansOnTwitch"]
[Black "snowlord"]
[Result "0-1"]
[WhiteElo "3107"]
[BlackElo "2935"]
[TimeControl "180+1"]
[EndTime "14:42:14 PDT"]
[Termination "snowlord won by resignation"]

1. Nc3 d5 2. d4 Nf6 3. Bf4 e6 4. Nb5 Na6 5. e3 Be7 6. Nf3 O-O 7. h4 Bd7 8. h5 h6 9. Ne5 c6 10. Nc3 c5 11. Nxd7 Nxd7 12. a3 Nab8 13. dxc5 Nxc5 14. Be2 Nc6 15. O-O Bf6 16. Qd2 Rc8 17. Rfd1 Qb6 18.
Rab1 Rfd8 19. b4 Bxc3 20. Qxc3 Ne4 21. Qb2 Ne7 22. Be5 f6 23. Bd4 Qc7 24. Bg4 Kf7 25.
b5 Qxc2 26. Bxa7 Qxb2 27. Rxb2 Ra8 28. Bb6 Rdc8 29. Ra1 Rc4 30. Be2 Rca4 31. Rb3 Nc8 32.
Bd4 Ncd6 33. f3 Nd2 34. Rc3 N2c4 35. b6 Nb5 36. Rcc1 Nxd4 37. exd4 R8a6 38. Rab1 Ke7 39. Kf2 Kd6 40. Rb4 Rxb4 41. axb4 Rxb6 42. Bxc4 Rc6 43. Ke3 Rxc4 44. Rb1 e5 45. dxe5+ fxe5 46. Kd3 Rd4+ 47. Ke3 b5 48. Rb2 Rc4 49. Rb1 Ke6 50. g4 Rc3+ 51.
Ke2 Kf6 52. Ra1 Kg5 53. Ra7 Kf4 54. Rf7+ Kg3 55. Rxg7 Rxf3 56. g5 Rf2+ 57. Ke3 d4+ 58. Ke4 Re2+ 59. Kd3 Re3+ 60. Kd2 hxg5 61. h6 Kf4 62. h7 Rh3 63. Rb7 Ke4 64. Rg7 Kd5 65. Ke2 e4 66. Kf2 e3+ 67. Kg2 Rh6 68. Rxg5+ Kc4 69.
Rg7 d3 70. Kf3 e2 71. Re7 Rxh7 0-1